 Dungeon Crawl Stone Soup version 0.31-a0-1-g4198be8af4 (webtiles) character file.

Game seed: 12759534455198368711

302279 garrulousMonolith the Slayer (level 21, -6/154 HPs)
             Began as a Gargoyle Fighter on May 1, 2023.
             Was a High Priest of Okawaru.
             Killed by divine providence
             ... invoked by an orc priest
              (11 damage)
             ... on level 3 of the Elven Halls.
             The game lasted 00:59:46 (45862 turns).

garrulousMonolith the Slayer (Gargoyle Fighter)    Turns: 45862, Time: 00:59:46

Health: -6/154     AC: 49    Str: 24    XL:     21   Next: 6%
Magic:  0/32       EV: 11    Int: 19    God:    Okawaru [*****.]
Gold:   3081       SH: 14    Dex: 11    Spells: 20/20 levels left

rFire   + . .        c - +7 demon whip (venom)
rCold   + + .        S - +0 kite shield
rNeg    + . .        P - +1 plate armour {Will+}
rPois   ∞            f - +0 hat "Caadgh" {rElec Will++ Int+2}
rElec   +            V - +1 cloak of Turrim {rCorr}
rCorr   +            v - +2 pair of gloves {infuse}
SInv    +            F - +1 pair of boots
Will    ++++.        b - amulet "Taecs" {Regen+ Int+3} Stlth
                     J - ring of Abstinence {rC++ SInv Stlth-}
HPRegen 1.25/turn    R - ring of protection from fire
MPRegen 0.23/turn

%: no passive effects
@: heroic, flying, studying Invocations
A: sickness immunity, AC +16, big wings, negative energy resistance 1,
electricity resistance, torment resistance 1, petrification resistance
}: 2/15 runes: barnacled, gossamer
a: Renounce Religion, Heroism, Finesse, Duel


You were on level 3 of the Elven Halls.
You worshipped Okawaru.
Okawaru was extremely pleased with you.
You visited 7 branches of the dungeon, and saw 34 of its levels.
You also visited: Sewer, Gauntlet, Ice Cave and Volcano.

You collected 5483 gold pieces.
You spent 2402 gold pieces at shops.

Inventory:

Hand Weapons
 c - a +7 demon whip of venom (weapon)
 r - a +3 eveningstar of protection
 z - a +3 demon trident of electrocution
 Y - the +4 sling "Unkac" {speed, Str+3}
   (You took it off a minotaur in a Gauntlet)

   Str:       It affects your strength (+3).
Missiles
 j - 38 poisoned darts (quivered)
 O - 8 curare-tipped darts
 Z - a throwing net
Armour
 f - the +0 hat "Caadgh" (worn) {rElec Will++ Int+2}
   (You found it in a Gauntlet)

   Int:       It affects your intelligence (+2).
   rElec:     It insulates you from electricity.
   Will:      It greatly increases your willpower.
 v - a +2 pair of gloves of infusion (worn)
 C - a +3 chain mail of cold resistance
 F - a +1 pair of boots (worn)
 K - a scarf of resistance
 P - a +1 plate armour of willpower (worn)
 S - a +0 kite shield (worn)
 U - the sphere of Battle
   (You found it on level 14 of the Dungeon)

   It enhances your destructive magic.
   It weakens your non-destructive magic.
   It summons a battlesphere in combat, with strength depending on Conjurations
   skill.
 V - the +1 cloak of Turrim (worn) {rCorr}
   (You found it in a Gauntlet)

   rCorr:     It protects you from acid and corrosion.
Jewellery
 b - the amulet "Taecs" (around neck) {Regen+ Int+3}
   (You acquired it on level 11 of the Dungeon)

   [amulet of regeneration]

   Int:       It affects your intelligence (+3).
   Regen:     It increases your rate of health regeneration.
 g - a +6 ring of strength
 J - the ring of Abstinence (left hand) {rC++ SInv Stlth-}
   (You found it in a Gauntlet)

   [ring of see invisible]

   rC:        It greatly protects you from cold.
   SInv:      It lets you see invisible.
   Stlth:     It makes you less stealthy.
 R - a ring of protection from fire (right hand)
 W - a +4 ring of protection
Wands
 p - a wand of digging (9)
 q - a wand of roots (18)
 t - a wand of light (15)
 y - a wand of polymorph (26)
 E - a wand of mindburst (34)
 I - a wand of flame (12)
Scrolls
 a - 2 scrolls of summoning
 d - 2 scrolls of blinking
 l - 5 scrolls of fear
 o - 4 scrolls of fog
 s - 6 scrolls of teleportation
 u - 5 scrolls of immolation
 x - 7 scrolls of amnesia
 A - 14 scrolls of identify
 B - 3 scrolls of magic mapping
 D - 2 scrolls of poison
 M - 2 scrolls of silence
Potions
 e - 6 potions of brilliance
 h - 9 potions of ambrosia
 i - 6 potions of haste
 k - 3 potions of resistance
 m - 9 potions of mutation
 n - 4 potions of cancellation
 w - 5 potions of curing
 G - 13 potions of might
 H - 7 potions of invisibility
 N - 5 potions of attraction
 Q - 9 potions of magic
 X - a potion of berserk rage
Miscellaneous
 L - a condenser vane (inert)


   Skills:
 + Level 23.5(27) Fighting
 - Level 16.0(21.0) Maces & Flails
 + Level 20.7(25.7) Armour
 - Level 5.0(10.0) Dodging
 - Level 15.0(20.0) Shields
 - Level 15.0 Invocations


You had 20 spell levels left.
You didn't know any spells.
Your spell library contained the following spells:

 Spells                   Type           Power      Damage    Failure   Level
 Magic Dart               Conj           0%         1d3       67%         1
 Shock                    Conj/Air       0%         1d3       67%         1
 Ensorcelled Hibernation  Hex/Ice        0%         N/A       82%         2
 Scorch                   Fire           0%         2d5       82%         2
 Static Discharge         Conj/Air       0%         2-2/arc   82%         2
 Wereblood                Tmut           0%         N/A       82%         2
 Mephitic Cloud           Conj/Pois/Air  0%         N/A       96%         3
 Spider Form              Tmut/Pois      0%         N/A       96%         3
 Swiftness                Air            0%         N/A       96%         3
 Teleport Other           Tloc           0%         N/A       96%         3
 Vhi's Electric Charge    Tloc/Air       0%         N/A       96%         3
 Airstrike                Air            0%         2d(0-16)  100%        4
 Anguish                  Hex/Necr       0%         N/A       100%        4
 Flame Wave               Conj/Fire      0%         2d4       100%        4
 Fulminant Prism          Conj/Hex       0%         3d5       100%        4
 Petrify                  Tmut/Erth      0%         N/A       100%        4
 Irradiate                Conj/Tmut      0%         3d11      100%        5
 Eringya's Noxious Bog    Tmut/Pois      0%         N/A       100%        6
 Iron Shot                Conj/Erth      0%         9d1       100%        6
 Ozocubu's Refrigeration  Ice            0%         4d7       100%        7
 Storm Form               Tmut/Air       0%         N/A       100%        7
 Lehudib's Crystal Spear  Conj/Erth      0%         10d2      100%        8
 Maxwell's Capacitive Co  Air            0%         ∞         100%        8
 Polar Vortex             Ice            0%         N/A       100%        9
 Call Imp                 Summ           Unusable   N/A       N/A         2
 Sublimation of Blood     Necr           Unusable   N/A       N/A         2
 Summon Lightning Spire   Summ/Air       Unusable   N/A       N/A         4
 Simulacrum               Ice/Necr       Unusable   N/A       N/A         6
 Summon Cactus Giant      Summ           Unusable   N/A       N/A         6
 Summon Hydra             Summ           Unusable   N/A       N/A         7

Dungeon Overview and Level Annotations

Branches:
Dungeon (15/15)            Temple (1/1) D:4            Lair (5/5) D:10
 Shoals (4/4) Lair:2       Spider (4/4) Lair:2        Slime (0/5) Lair:5
    Orc (2/2) D:10            Elf (3/3) Orc:2        Vaults (0/5) D:14
 Depths (0/4) D:15          Sewer (visited)           IceCv (visited)
Volcano (visited)         Gauntlet (visited)

Altars:
Ashenzari
Cheibriados
Dithmenos
Elyvilon
Fedhas
Gozag
Hepliaklqana
Kikubaaqudgha
Makhleb
Nemelex Xobeh
Okawaru
Qazlal
Ru
Sif Muna
Trog
Uskayaw
Vehumet
Wu Jian
Xom
Yredelemnul
Zin
The Shining One

Shops:
D:2 :   D:9 !   D:12 (   Orc:2 :[:=(([[

Portals:
Hell: Lair:5

Annotations:
Lair:1 1 runed translucent door, hgbash's ghost, novice GrEE
Elf:3 2 exclusions


Innate Abilities, Weirdness & Mutations

You are immune to sickness and miasma.
Your stone body is resilient. (AC +16)
You are immune to poison.
Your large and strong wings let you fly.
You resist negative energy. (rN+)
You are resistant to electric shocks. (rElec)
You are resistant to unholy torment.
You are immune to petrification.


Message History

The orc warrior no longer looks unusually strong. x2
The orc knight hits you with a +0 battleaxe.
The orc knight roars a battlecry!
The orc warriors go into a battle-frenzy!
Items here: $ ))) [[[ ††.
The orc knight attacks as you move away!
You block the orc knight's attack.
You whack the orc knight!
The orc knight is moderately wounded.
You closely miss the orc knight.
The orc knight is moderately wounded.
The orc knight hits you with a +0 battleaxe!!
* * * LOW HITPOINT WARNING * * *
You closely miss the orc knight.
The orc knight is moderately wounded.
The orc knight hits you with a +0 battleaxe!
* * * LOW HITPOINT WARNING * * *
You hit the orc knight.
The orc knight is moderately wounded.
You thrash the orc knight!!
The orc knight looks as sick as possible!
The orc knight is severely wounded.
The orc priest calls upon Beogh to heal the orc warrior.
The orc warrior is healed somewhat.
You block the orc knight's attack.
You thrash the orc knight!!
You kill the orc knight!
Okawaru accepts your kill.
The orc priest invokes the aid of Beogh against you.
Beogh smites you!
* * * LOW HITPOINT WARNING * * *
The orc knight roars a battlecry!
You block the orc warrior's attack. The orc warrior misses you.
Things that are here:
a +0 battleaxe; a +0 chain mail; an orc corpse You whack the orc warrior!
The orc warrior looks even sicker.
The orc warrior is severely wounded.
The orc warrior no longer looks unusually strong. x2
The orc priest mumbles some strange prayers to Beogh against you.
Beogh smites you!
You die...

..##..........#####..####..######
..##.#..######)......##.........<
........# ###.####........#####.
#.#####.# #.)..........##.# #.
#.#####.# #.#.#####.......#####.
#.....####*###.......#.#####...#.
#######...o,,#.....###.####.###..
*...oo,#####.........## ##.
*....oo#oo@..........# #.
*..oooooo###.........## ##.
*######### ##.......#.###.# ##.#
##......##...## #.##
##.........## #.# #.........#
#.## ##.........# ##.##
##..........# ##.##
##...........#


You could see an orc knight (strong), 6 orc warriors and an orc priest (strong).

Vanquished Creatures
  Mara (Arena)
  Arachne (Spider:4)
  Nikola (Shoals:3)
  Jorgrun (Shoals:1)
  A deep elf blademaster (Elf:2)
  Rupert (Lair:4)
  Polyphemus (Shoals:2)
  A tengu reaver (D:14)
  Ilsuiw (Shoals:2)
  6 emperor scorpions
  2 ghost moths (Spider:4)
  Louise (Elf:3)
  An orc warlord (Elf:3)
  A stone giant (D:15)
  3 broodmothers
  A deep elf demonologist (Elf:1)
  Nessos (D:14)
  A deep elf annihilator (Elf:1)
  A minotaur (Gauntlet)
  5 spark wasps
  2 merfolk javelineers (Shoals:4)
  A deep elf death mage (Elf:1)
  4 entropy weavers
  7 merfolk impalers
  A fire dragon (D:15)
  Josephine (Lair:4)
  9 hydras
  Fannar (D:10)
  An ogre mage (D:15)
  2 catoblepae
  A hell beast (Gauntlet)
  4 merfolk avatars
  3 jorogumos
  A radroach (Spider:3)
  9 two-headed ogres
  4 satyrs
  6 centaur warriors
  3 ghost crabs
  A death knight (D:14)
  11 boulder beetles
  22 dancing weapons
  10 death yaks
  8 death scarabs (Spider:4)
  5 tengu warriors
  3 orc high priests (Orc:2)
  A hell knight (Volcano)
  A spectral emperor scorpion (Spider:4)
  Sonja (D:10)
  11 deep elf knights
  2 sixfirhies
  7 pharaoh ants
  Amaemon (Lair:3)
  11 skysharks
  9 skeletal warriors
  A sun moth (Spider:4)
  7 sea snakes
  10 orb spiders
  11 deep elf archers
  A wolf spider zombie (Spider:4)
  31 harpies
  2 wizards
  9 orc knights
  10 steelbarb worms
  A broodmother zombie (Spider:4)
  A phantasmal warrior (D:14)
  5 orc sorcerers
  20 deep elf pyromancers
  18 deep elf zephyrmancers
  18 ugly things
  5 moths of wrath
  30 wolf spiders
  3 cyclopes
  A cyclops (shapeshifter) (Elf:2)
  17 manticores
  An oklob plant (Lair:5)
  5 black mambas
  37 fauns
  15 merfolk sirens
  2 ice statues (IceCv)
  Maurice (Orc:1)
  3 elephants (Lair:4)
  4 demonic crawlers
  7 water nymphs
  9 torpor snails
  4 orange demons
  Maggie (D:9)
  4 spectral redbacks (Spider:4)
  9 cane toads
  8 rime drakes
  7 gargoyles
  13 komodo dragons
  4 yaktaurs (Volcano)
  2 efreet
  A redback zombie (Spider:4)
  3 ice devils (Lair:5)
  A tengu conjurer (D:14)
  A freezing wraith (D:14)
  28 merfolk
  4 wind drakes
  A spectral tarantella (Spider:4)
  6 trolls
  A wolf spider simulacrum (D:15)
  3 polar bears
  10 hornets (Spider:3)
  2 spectral culicivoras (Spider:4)
  A hellwing (Lair:5)
  2 tyrant leeches (Spider:2)
  A tarantella (shapeshifter) (D:15)
  3 spectral jumping spiders (Spider:4)
  11 blink frogs
  A raiju (shapeshifter) (D:13)
  41 tarantellas
  A jumping spider zombie (Spider:4)
  Sigmund (D:2)
  10 snapping turtles
  26 culicivoras
  A centaur simulacrum (D:15)
  33 jumping spiders
  A shadow (D:11)
  5 water elementals
  2 air elementals
  2 wyverns
  13 slime creatures
  72 yaks
  6 basilisks
  6 wraiths
  16 humans (D:14)
  2 vampires (D:13)
  2 steam dragons
  2 death yak simulacra (IceCv)
  50 redbacks
  12 vampire mosquitoes
  A warg (Orc:2)
  4 acid dragons
  5 water moccasins
  4 hell hounds (Lair:5)
  A floating eye (shapeshifter) (D:14)
  A sky beast (D:7)
  3 black bears
  14 orc warriors
  6 ice beasts (D:10)
  6 ogres
  6 wolves
  8 centaurs
  A phantom (D:6)
  2 kobold brigands
  3 gnoll sergeants
  9 bullfrogs
  2 earth elementals
  10 scorpions
  14 wights
  10 killer bees
  4 howler monkeys
  A crimson imp (D:10)
  4 jellies
  8 orc priests
  2 hounds
  2 sleepcaps
  Ijyb (D:3)
  2 iguanas
  10 orc wizards
  A polar bear simulacrum (IceCv)
  2 human simulacra (D:12)
  21 gnolls
  4 river rats (Sewer)
  12 adders
  4 white imps
  3 ufetubi
  2 worms
  3 dart slugs
  38 orcs
  3 bats
  6 endoplasms
  6 giant cockroaches
  6 hobgoblins
  9 jackals
  9 quokkas
  11 ball pythons
  4 frilled lizards
  6 goblins
  25 kobolds
  9 rats
1245 creatures vanquished.

Vanquished Creatures (others)
  A deep elf archer (Elf:2)
  A manticore (D:12)
  A tengu conjurer (D:14)
  3 tyrant leeches (Spider:2)
  A slime creature (D:12)
  A jumping spider (Spider:1)
  A culicivora (Spider:2)
  An orc wizard (Orc:2)
  A kobold (D:7)
  12 demonic plants (Gauntlet)
  12 fungi
  241 plants
  5 withered plants (D:5)
281 creatures vanquished.

Grand Total: 1526 creatures vanquished

Notes
Turn   | Place    | Note
-------+----------+-------------------------------------------
     0 | D:1      | garrulousMonolith the Gargoyle Fighter began the quest for
                  | the Orb.
     0 | D:1      | Reached XP level 1. HP: 14/14 MP: 1/1
    36 | D:1      | Found a faded altar of an unknown god.
   194 | D:1      | Reached XP level 2. HP: 19/19 MP: 2/2
   544 | D:1      | Reached XP level 3. HP: 23/23 MP: 3/3
  1260 | D:2      | Reached XP level 4. HP: 23/29 MP: 4/4
  1286 | D:2      | Found Pipife Eneunt's Vocational Training.
  1457 | D:2      | Noticed Sigmund
  1471 | D:2      | Reached skill level 12 in Fighting
  1471 | D:2      | Reached XP level 5. HP: 15/46 MP: 5/5
  1478 | D:2      | Killed Sigmund
  1479 | D:2      | Reached XP level 6. HP: 16/52 MP: 6/6
  1821 | D:3      | Identified the +2 robe of Luriav Ciru {rElec}
  2088 | D:3      | Noticed Ijyb
  2106 | D:3      | Killed Ijyb
  2107 | D:3      | Reached skill level 13 in Fighting
  2313 | D:3      | Reached XP level 7. HP: 41/57 MP: 7/7
  2744 | D:4      | Found a staircase to the Ecumenical Temple.
  2757 | Temple   | Entered the Ecumenical Temple
  2933 | Temple   | Became a worshipper of Warmaster Okawaru
  3173 | D:4      | Found a snail-covered altar of Cheibriados.
  3317 | D:5      | Entered Level 5 of the Dungeon
  3416 | D:5      | Reached XP level 8. HP: 61/63 MP: 8/8
  3555 | D:5      | Found a glowing drain.
  3564 | Sewer    | Entered a sewer
  3796 | Sewer    | Reached skill level 5 in Maces & Flails
  4443 | D:5      | Reached * piety under Okawaru
  4518 | D:5      | Found an ancient bone altar of Kikubaaqudgha.
  4625 | D:5      | Reached skill level 5 in Armour
  4649 | D:5      | Reached skill level 5 in Shields
  5010 | D:6      | Found a bloodstained altar of Trog.
  5084 | D:6      | Reached XP level 9. HP: 68/68 MP: 9/9
  5101 | D:6      | Reached ** piety under Okawaru
  6972 | D:8      | Reached *** piety under Okawaru
  7142 | D:8      | Reached XP level 10. HP: 71/74 MP: 10/10
  7370 | D:8      | Found a sparkling altar of Nemelex Xobeh.
  7370 | D:8      | Found a shadowy altar of Dithmenos.
  7380 | D:8      | Found a shimmering altar of Xom.
  7382 | D:8      | Found a white marble altar of Elyvilon.
  7384 | D:8      | Found a faded altar of an unknown god.
  7655 | D:9      | Noticed a boulder beetle
  7670 | D:9      | Killed a boulder beetle
  7671 | D:9      | Reached skill level 1 in Invocations
  7812 | D:9      | Found Xaetiel's Distillery.
  7817 | D:9      | Bought a potion of heal wounds for 50 gold pieces
  7817 | D:9      | Bought 2 potions of invisibility for 160 gold pieces
  7817 | D:9      | Bought a potion of heal wounds for 50 gold pieces
  7835 | D:9      | Reached **** piety under Okawaru
  7938 | D:9      | Reached skill level 14 in Fighting
  8262 | D:9      | Noticed Maggie
  8273 | D:9      | Killed Maggie
  8388 | D:10     | Entered Level 10 of the Dungeon
  8401 | D:10     | Noticed Fannar
  8428 | D:10     | Killed Fannar
  8429 | D:10     | Reached XP level 11. HP: 78/80 MP: 13/13
  8446 | D:10     | Reached ***** piety under Okawaru
  8506 | D:10     | Found a staircase to the Lair.
  8678 | D:10     | Noticed Sonja
  8680 | D:10     | Killed Sonja
  9884 | D:10     | Received a gift from Okawaru
  9999 | D:10     | Found a staircase to the Orcish Mines.
 10292 | D:11     | Noticed a cyclops
 10301 | D:11     | Killed a cyclops
 11556 | D:11     | Identified a scroll of acquirement
 11556 | D:11     | Acquired the amulet "Taecs" {Regen+ Int+3}
 11615 | Lair:1   | Entered Level 1 of the Lair of Beasts
 11615 | Lair:1   | Noticed a death yak
 11615 | Lair:1   | Noticed a death yak
 11615 | Lair:1   | Noticed a death yak
 11616 | Lair:1   | Noticed a death yak
 11618 | Lair:1   | Noticed a death yak
 11620 | Lair:1   | Noticed a death yak
 11639 | Lair:1   | Killed a death yak
 11640 | Lair:1   | Reached skill level 10 in Maces & Flails
 11640 | Lair:1   | Reached skill level 5 in Invocations
 11640 | Lair:1   | Reached XP level 12. HP: 86/86 MP: 7/15
 11652 | Lair:1   | Killed a death yak
 11661 | Lair:1   | Killed a death yak
 11662 | Lair:1   | Reached skill level 1 in Dodging
 11676 | Lair:1   | Killed a death yak
 11696 | Lair:1   | Killed a death yak
 11709 | Lair:1   | Killed a death yak
 11768 | Lair:1   | Found a runed translucent door.
 11768 | Lair:1   | Noticed hgbash's ghost (novice GrEE)
 11916 | Lair:1   | Received a gift from Okawaru
 12698 | Lair:2   | Reached skill level 15 in Fighting
 12744 | Lair:2   | Found a dark tunnel.
 12758 | Volcano  | Entered a volcano
 12781 | Volcano  | Noticed a centaur warrior
 12784 | Volcano  | Found a radiant altar of Vehumet.
 12785 | Volcano  | Noticed a hell knight
 12794 | Arena    | Entered the Arena
 12811 | Arena    | Killed a centaur warrior
 12837 | Volcano  | Received a gift from Okawaru
 12891 | Volcano  | Killed a hell knight
 13089 | Lair:2   | Reached XP level 13. HP: 92/92 MP: 17/17
 13147 | Lair:2   | Found a staircase to the Shoals.
 13311 | Lair:2   | Found a hole to the Spider Nest.
 14098 | Lair:3   | Noticed Amaemon
 14116 | Lair:3   | Killed Amaemon
 14231 | Lair:3   | Identified the +12 trident of Royalism {freeze, rF- Str-4
                  | Int+6 SInv}
 14397 | Lair:3   | Reached ****** piety under Okawaru
 14527 | Lair:3   | Acquired 716 gold pieces
 14730 | D:2      | Bought a manual of Invocations for 880 gold pieces
 14995 | Lair:4   | Found a gate leading to a gauntlet.
 15004 | Gauntlet | Entered a Gauntlet
 15004 | Gauntlet | Found a transporter.
 15004 | Gauntlet | Found a transporter.
 15008 | Gauntlet | Found a transporter.
 15008 | Gauntlet | Found a transporter.
 15028 | Gauntlet | Found a transporter.
 15028 | Gauntlet | Found a transporter.
 15052 | Gauntlet | Found a transporter.
 15059 | Gauntlet | Found a transporter.
 15068 | Gauntlet | Found a transporter.
 15073 | Gauntlet | Found a transporter.
 15093 | Gauntlet | Found a transporter.
 15117 | Gauntlet | Found a transporter.
 15151 | Gauntlet | Found a transporter.
 15165 | Gauntlet | Found a transporter.
 15266 | Gauntlet | Found a transporter.
 15282 | Gauntlet | Found a transporter.
 15376 | Gauntlet | Reached skill level 10 in Armour
 15376 | Gauntlet | Reached skill level 10 in Shields
 15455 | Gauntlet | Identified the ring of Abstinence {rC++ SInv Stlth-}
 15505 | Gauntlet | Identified the +1 cloak of Turrim {rCorr}
 15539 | Gauntlet | Identified the +4 sling "Unkac" {speed, Str+3}
 15539 | Gauntlet | Identified the +2 robe "Puisek" {Rampage rElec Will+}
 15539 | Gauntlet | Noticed a minotaur
 15550 | Gauntlet | Killed a minotaur
 15554 | Gauntlet | Identified the +0 hat of Yredelemnul's Fury {Will+ Regen+}
 15573 | Gauntlet | Identified the +0 hat "Caadgh" {rElec Will++ Int+2}
 15574 | Gauntlet | Got Mierecan's Catalogue of Coordinates
 15578 | Gauntlet | Got Bifiwyu's Teachings on Combative Virulence
 15635 | Lair:4   | Noticed Josephine
 15663 | Lair:4   | Killed Josephine
 15663 | Lair:4   | Identified the -2 cloak of the Unbroken {*Corrode Fly
                  | Dex+5} (Okawaru gifted it to you on level 4 of the Lair of
                  | Beasts)
 15663 | Lair:4   | Received a gift from Okawaru
 15677 | Lair:4   | Gained mutation: Your large and strong wings let you fly.
                  | [Gargoyle growth]
 15677 | Lair:4   | Reached XP level 14. HP: 94/99 MP: 1/20
 15843 | Lair:4   | Noticed Rupert
 15862 | Lair:4   | Killed Rupert
 16756 | Lair:5   | Entered Level 5 of the Lair of Beasts
 16756 | Lair:5   | Found a staircase to the Slime Pits.
 16838 | Lair:5   | Found a frozen archway.
 16848 | IceCv    | Entered an ice cave
 16897 | IceCv    | Found a transporter.
 17005 | IceCv    | Found a transporter.
 17042 | IceCv    | Reached skill level 5 in Dodging
 17083 | IceCv    | Reached XP level 15. HP: 104/104 MP: 5/21
 17482 | Lair:5   | Reached skill level 16 in Fighting
 17999 | Lair:5   | Identified the -2 buckler "Rourphyerch" {rF- Will++ SInv}
                  | (Okawaru gifted it to you on level 5 of the Lair of Beasts)
 17999 | Lair:5   | Received a gift from Okawaru
 18016 | Lair:5   | Reached skill level 10 in Invocations
 18639 | Lair:5   | Found a burning altar of Makhleb.
 18701 | Lair:5   | Reached skill level 15 in Maces & Flails
 18824 | Lair:5   | Found a gateway to Hell.
 19106 | D:12     | Found Onaogg's Weapon Shoppe.
 20384 | D:13     | Reached XP level 16. HP: 111/111 MP: 21/24
 21652 | D:13     | Identified the +1 eveningstar of the Destroying Gods
                  | {freeze, Int+2 Dex+3} (Okawaru gifted it to you on level 13
                  | of the Dungeon)
 21652 | D:13     | Received a gift from Okawaru
 22121 | D:14     | Found a gate to the Vaults.
 22360 | D:14     | Identified the +5 chain mail of Limited Liability {+Inv
                  | rPois rC-}
 22439 | D:14     | Noticed Nessos
 22449 | D:14     | Killed Nessos
 22617 | D:14     | Found a glowing golden altar of the Shining One.
 22737 | D:14     | Identified the +0 pair of gloves "Gugufen" {rN+ Will-
                  | Slay+5} (Okawaru gifted it to you on level 14 of the
                  | Dungeon)
 22737 | D:14     | Received a gift from Okawaru
 22801 | D:14     | You are sucked into a shaft and drop 1 floor!
 22801 | D:15     | Entered Level 15 of the Dungeon
 23166 | D:15     | Reached skill level 17 in Fighting
 23490 | D:14     | Noticed a tengu reaver
 23490 | D:14     | Found the sphere of Battle
 23520 | D:14     | Killed a tengu reaver
 24740 | D:15     | Found a staircase to the Depths.
 24981 | Spider:1 | Entered Level 1 of the Spider Nest
 25019 | Spider:1 | Reached XP level 17. HP: 117/117 MP: 23/27
 25202 | Spider:1 | Received a gift from Okawaru
 27469 | Spider:2 | Found the +4 moon troll leather armour {Spirit, Regen++
                  | MP+5}
 27708 | Spider:2 | Identified the +9 lajatang of Righteous Anger {freeze,
                  | *Corrode rElec MP+9 SInv} (Okawaru gifted it to you on
                  | level 2 of the Spider Nest)
 27708 | Spider:2 | Received a gift from Okawaru
 27747 | Spider:2 | Reached skill level 15 in Invocations
 27988 | Spider:2 | Reached skill level 18 in Fighting
 29805 | Spider:3 | Identified the scarf "Oqeu" {shadows, -Tele Dex+5} (Okawaru
                  | gifted it to you on level 3 of the Spider Nest)
 29805 | Spider:3 | Received a gift from Okawaru
 30172 | Spider:3 | Reached XP level 18. HP: 112/126 MP: 12/29
 30368 | Spider:4 | Entered Level 4 of the Spider Nest
 31098 | Spider:4 | Noticed Arachne
 31549 | Spider:3 | Reached skill level 15 in Armour
 31550 | Spider:3 | Reached skill level 19 in Fighting
 31676 | Spider:4 | Reached skill level 15 in Shields
 31694 | Spider:4 | Killed Arachne
 32398 | Spider:4 | Identified the +8 trident of Hospitality {antimagic, Will+
                  | SInv} (Okawaru gifted it to you on level 4 of the Spider
                  | Nest)
 32398 | Spider:4 | Received a gift from Okawaru
 33776 | Spider:4 | Received a gift from Okawaru
 33863 | Spider:4 | Got a gossamer rune of Zot
 34032 | Shoals:1 | Entered Level 1 of the Shoals
 34115 | Shoals:1 | Reached skill level 20 in Fighting
 34435 | Shoals:1 | Reached XP level 19. HP: 114/135 MP: 19/30
 34708 | Shoals:1 | Noticed Jorgrun
 34721 | Shoals:1 | Killed Jorgrun
 34769 | Shoals:1 | Received a gift from Okawaru
 35539 | Shoals:2 | Noticed Polyphemus
 35596 | Shoals:2 | Killed Polyphemus
 35932 | Shoals:2 | Noticed Ilsuiw
 35971 | Shoals:2 | Killed Ilsuiw
 37122 | Shoals:3 | Reached skill level 21 in Fighting
 37842 | Shoals:3 | Noticed Nikola
 37863 | Shoals:3 | Killed Nikola
 38432 | Shoals:4 | Entered Level 4 of the Shoals
 38826 | Shoals:4 | Identified the +0 pair of gloves "Sojon" {rN+} (Okawaru
                  | gifted it to you on level 4 of the Shoals)
 38826 | Shoals:4 | Received a gift from Okawaru
 38844 | Shoals:4 | Got a barnacled rune of Zot
 39126 | Shoals:4 | Reached XP level 20. HP: 105/145 MP: 0/31
 39604 | Shoals:4 | Reached skill level 22 in Fighting
 39718 | Shoals:4 | Noticed Mara
 39723 | Shoals:4 | Noticed garrulousMonolith's illusion
 39734 | Arena    | Entered the Arena
 39744 | Arena    | Killed Mara
 40619 | Orc:1    | Entered Level 1 of the Orcish Mines
 40625 | Orc:1    | Noticed Maurice
 40639 | Orc:1    | Killed Maurice
 40961 | Orc:2    | Entered Level 2 of the Orcish Mines
 41175 | Orc:2    | Found Pauriag Gedgh's Antique Armour Emporium.
 41185 | Orc:2    | Found Buopyrot's Armour Shoppe.
 41216 | Orc:2    | Found a staircase to the Elven Halls.
 41216 | Orc:2    | Found Qiyhanuc's Weapon Boutique.
 42182 | Orc:2    | Found Ziumul's Weapon Emporium.
 42182 | Orc:2    | Found Laciklue's Jewellery Boutique.
 42184 | Orc:2    | Found Titovv Dosuo's Book Emporium.
 42184 | Orc:2    | Found Xogerud's Armour Boutique.
 42223 | Orc:2    | Found Zoutud's Book Shop.
 42356 | Orc:2    | Bought a shiny plate armour for 702 gold pieces
 42387 | Orc:2    | Bought a +1 plate armour of willpower for 560 gold pieces
 42447 | Elf:1    | Entered Level 1 of the Elven Halls
 42772 | Elf:1    | Identified the +2 ring mail "Anuram" {rElec Regen+ Dex-3}
                  | (Okawaru gifted it to you on level 1 of the Elven Halls)
 42772 | Elf:1    | Received a gift from Okawaru
 43255 | Elf:1    | Identified the +0 leather armour of a sewer {rElec rPois}
 43583 | Elf:2    | Paralysed by an air elemental for 1 turns
 44047 | Elf:2    | Found an ancient bone altar of Kikubaaqudgha.
 44151 | Elf:2    | Found a huge runed translucent gate.
 44151 | Elf:2    | Found a huge runed translucent gate.
 44151 | Elf:2    | Found a huge runed translucent gate.
 44151 | Elf:2    | Found a huge runed translucent gate.
 44152 | Elf:2    | Found a huge runed translucent gate.
 44313 | Elf:2    | Reached skill level 23 in Fighting
 45209 | Elf:3    | Entered Level 3 of the Elven Halls
 45217 | Elf:3    | Identified the +2 leather armour "Ilyd" {Stlth+}
 45267 | Elf:3    | Paralysed by an air elemental for 1 turns
 45433 | Elf:3    | Identified the +10 hand axe of Arrival {freeze, Int+4}
 45614 | Elf:3    | Noticed Louise
 45630 | Elf:3    | Killed Louise
 45630 | Elf:3    | Received a gift from Okawaru
 45631 | Elf:3    | Reached XP level 21. HP: 132/154 MP: 25/32
 45861 | Elf:3    | HP: 5/154 [orc priest/divine providence (12)]
 45862 | Elf:3    | Killed from afar by an orc priest

Illustrated notes

Levels and vault maps discovered:
D:1:      mushboom_english_gardens, layout_basic,
          hellmonk_ecumenical_altar_crossroads
D:2:      layout_rooms, serial_bayou_pond_d, minmay_misc_feat_hallway,
          nicolae_shop_vocational, uniq_sigmund
D:3:      layout_basic, uniq_ijyb
D:4:      layout_rooms, nicolae_overflow_hidden_temple,
          minmay_temple_entry_arrows
D:5:      layout_basic, kiku_gazebo_garden_becter, gup_sewer_entry_pipe
D:6:      layout_rooms, bloody_trog, due_unseen_surprise
D:7:      layout_layer_cave, minmay_misc_feat_rows
D:8:      layout_cave_pools, chequers_temple_overflow_minitemple
D:9:      layout_rooms, serial_shops, shop, uniq_maggie
D:10:     cheibrodos_statue_roulette, layout_stronghold,
          hellmonk_lair_entry_icy, serial_column_ruins,
          column_ruins_courtyard_long, column_ruins_square_small,
          column_ruins_open_small, column_ruins_corridor_plus,
          column_ruins_grid_1, column_ruins_columns_straight,
          grunt_decor_mini_mirrors, minmay_fire_ice_demons, uniq_fannar,
          uniq_sonja
D:11:     layout_irregular_city
D:12:     layout_loops_corners, serial_shops, nicolae_shop_bloodbath_and_beyond,
          bh_circular_ruins
D:13:     layout_stronghold
D:14:     layout_loops_ring, david_vaults_3, nicolae_tso_carved_into_rock,
          hellmonk_guarded_unrand_sphere_of_battle
D:15:     grunt_enter_depths_snipers, layout_small_grid, minivault_4
Temple:   regret_index_temple_waves
Lair:1:   layout_regular_city, gammafunk_ghost_grave, minivault_11
Lair:2:   layout_chaotic_city, elwin_shoals_entry_stream,
          spider_nest_entry_web_field, nicolae_volcano_entry_hallway,
          minivault_19, nicolae_quartered_pool_little
Lair:3:   layout_misc_corridors, grunt_megastairs_4, uniq_amaemon
Lair:4:   layout_cave_shapes, gauntlet_entry_generic, uniq_rupert,
          uniq_josephine
Lair:5:   evil_forest, layout_gridlike, slime_entry_1,
          portal_ice_cave_entry_pillars_1, uniq_nessos
Shoals:1: layout_shoals, nicolae_shoals_lost_giant_baths, uniq_jorgrun
Shoals:2: layout_shoals, uniq_ilsuiw, uniq_polyphemus
Shoals:3: layout_shoals, uniq_nikola
Shoals:4: shoals_end_grunt_garden, layout_shoals, uniq_mara
Spider:1: layout_chambers, uniq_donald
Spider:2: layout_cave_pods, nicolae_spider_swamp_cousins
Spider:3: spiders_nest_scorpion_pit, hive_lemuel
Spider:4: floodkiller_spider_rune_tomb, nicolae_arachne_temple
Orc:1:    layout_caves, serial_shops, nicolae_shop_tiny_waterfront, uniq_maurice
Orc:2:    grunt_orc_tribal_feast, layout_diamond_mine, serial_shops,
          nicolae_square_shop, nicolae_shop_pleasant_corner_grove, shop, shop
Elf:1:    minmay_elf_arrival_summoners, layout_loops_cross
Elf:2:    elven_hall_of_blades_hangedman_alternative
          [nooodl_blade_entry_preview], layout_gridlike, basic_altar,
          billiards_dpeg, lemuel_upstairs_altar
Elf:3:    minmay_elf_hall_x, layout_loops_cross, serial_shops,
          nicolae_shop_peninsula, special_room [special_room_orc], uniq_louise

Skill      XL: |  1  2  3  4  5  6  7  8  9 10 11 12 13 14 15 16 17 18 19 20 |
---------------+-------------------------------------------------------------+-----
Maces & Flails | 3 4 5 7 8 10 11 12 14 15 16 | 16.0
Fighting       | 12 13 14 15 16 17 18 20 21 23 | 23.5
Armour         | 4 5 6 7 8 9 10 11 12 14 16 18 20 | 20.7
Shields        | 4 5 6 7 8 9 10 11 12 14 15 | 15.0
Invocations    | 3 5 6 8 9 10 13 15 | 15.0
Dodging        | 3 4 5 |  5.0

Action                     |  1- 3 |  4- 6 |  7- 9 | 10-12 | 13-15 | 16-18 | 19-21 || total
---------------------------+-------+-------+-------+-------+-------+-------+-------++-------
  Melee: Flail             |   107 |   103 |   231 |       |       |       |       ||   441
         Morningstar       |       |       |   171 |   459 |       |       |       ||   630
         Demon whip        |       |       |       |   134 |   892 |  1970 |  1663 ||  4659
  Throw: Dart              |       |       |       |       |       |    20 |    18 ||    38
 Invoke: Heroism           |       |       |       |     6 |     7 |    18 |     7 ||    38
         Finesse           |       |       |       |     1 |     2 |     4 |     1 ||     8
         Duel              |       |       |       |     1 |       |       |     1 ||     2
  Evoke: Wand              |       |       |       |     2 |     1 |       |     3 ||     6
         Condenser vane    |       |       |       |     1 |       |       |     2 ||     3
    Use: Potion            |       |     4 |     1 |     8 |     8 |     9 |     5 ||    35
         Scroll            |       |       |     6 |    15 |    12 |     7 |     3 ||    43
   Stab: Invisible         |       |       |       |       |     2 |       |       ||     2
         Petrified         |       |       |       |       |       |       |     6 ||     6
         Distracted        |       |       |       |       |       |       |     1 ||     1
 Armour: Scale mail        |    50 |    69 |    27 |       |       |       |       ||   146
         Chain mail        |       |       |   342 |   421 |   494 |  1247 |   605 ||  3109
         Plate armour      |       |       |       |       |       |       |   201 ||   201
  Dodge: Dodged            |    45 |    44 |   261 |   253 |   284 |   637 |   432 ||  1956
  Block: Buckler           |    18 |    26 |   127 |   118 |       |       |       ||   289
         Kite shield       |       |       |       |   143 |   443 |  1103 |   859 ||  2548

Table legend: (Time is in decaauts)
 A = Elapsed time spent in this place.
 B = Non-inter-level travel time spent in this place.
 C = Inter-level travel time spent in this place.
 D = Time resting spent in this place.
 E = Time spent auto-exploring this place.
 F = Levels seen in this place.
 G = Mean time per level.
                   A        B        C        D        E       F      G
               +--------+--------+--------+--------+--------+-----+--------+
         Total |  44158 |  41806 |   2352 |   7611 |  25780 |  40 | 1103.9 |
       Dungeon |  16883 |  15586 |   1297 |   2631 |  10296 |  15 | 1125.5 |
        Temple |    234 |    129 |    105 |      0 |    114 |   1 |  234.0 |
          Lair |   5615 |   5219 |    396 |    583 |   3459 |   5 | 1123.0 |
        Shoals |   6026 |   5867 |    159 |   1050 |   3623 |   4 | 1506.5 |
   Spider Nest |   8471 |   8269 |    202 |   2373 |   4207 |   4 | 2117.8 |
  Orcish Mines |   1733 |   1633 |    100 |    388 |    966 |   2 |  866.5 |
   Elven Halls |   3178 |   3087 |     91 |    353 |   2113 |   3 | 1059.3 |
         Sewer |    825 |    825 |      0 |      0 |    564 |   1 |  825.0 |
      Ice Cave |    317 |    317 |      0 |    133 |    101 |   1 |  317.0 |
       Volcano |    229 |    229 |      0 |     42 |     49 |   1 |  229.0 |
      Gauntlet |    582 |    582 |      0 |     17 |    287 |   1 |  582.0 |
         Arena |     59 |     59 |      0 |     39 |      0 |   2 |   29.5 |
               +--------+--------+--------+--------+--------+-----+--------+

Top non-repeatable levels by time:
Spider:4: 2561 daAuts
Spider:3: 2066 daAuts
    D:10: 2000 daAuts
Spider:1: 1991 daAuts
Spider:2: 1852 daAuts
Shoals:4: 1663 daAuts
Shoals:3: 1637 daAuts
   Elf:2: 1564 daAuts
    D:14: 1546 daAuts
  Lair:5: 1515 daAuts
    D:15: 1457 daAuts
   Orc:2: 1405 daAuts
Shoals:1: 1399 daAuts
  Lair:4: 1391 daAuts
    D:11: 1340 daAuts
